[Event "Team 45 45 League T49"]
[Site "Internet Chess Club"]
[Date "2011.05.31"]
[Round "3"]
[White "playwaycool"]
[Black "Campagnolo"]
[Result "1-0"]
[WhiteElo "2127"]
[BlackElo "2046"]
[Opening "Queen's pawn"]
[ECO "D13"]
[Time "21:01:05"]
[TimeControl "2700+45"]

1. d4 c6 2. c4 Nf6 3. Nc3 d5 4. cxd5 cxd5 5. Nf3 Nc6 6. Bf4 Nh5 7. Bg3 Nxg3 8.
hxg3 e6 9. Rc1 Be7 10. e3 a6 11. Bd3 g6 12. a3 Bd7 13. b4 b5 14. e4 Bf6 15. exd5
Nxd4 16. Ne4 exd5 17. Nxd4 Bxd4 18. Bb1 Qb6 19. Nc5 Bxc5 20. Rxc5 O-O 21. O-O
Be6 22. Qd4 Rac8 23. Rfc1 Rxc5 24. Rxc5 Qd6 25. Bd3 Rc8 26. g4 Rxc5 27. bxc5 Qc6
28. g5 Bc8 29. f4 Qe6 30. Kf2 Qg4 31. g3 Be6 32. Be2 Qf5 33. Bd3 Qg4 34. c6 Qd1
35. Qe3 d4 36. Qe2 Qc1 37. Bc2 Qxa3 38. Qe5 Qe3+ 39. Qxe3 dxe3+ 40. Kxe3 Kf8 41.
Kd4 Ke7 42. Kc5 Kd8 43. Kb6 b4 44. c7+ Ke7 45. Kxa6 Bc8+ 46. Ka7 Kd6 47. Kb8 Be6
48. Bb3 Bf5 49. Bxf7 Ke7 50. Bg8 Kf8 51. Bb3 Kg7 52. c8=Q Bxc8 53. Kxc8 h6 54.
gxh6+ Kxh6 55. Kd7 Kh5 56. Bd1+ Kh6 57. Ke6 Kg7 58. Bb3 {Black resigns} 1-0

[Event "Team 45 45 League T49"]
[Site "Internet Chess Club"]
[Date "2011.06.05"]
[Round "3"]
[White "easycure"]
[Black "larso"]
[Result "1/2-1/2"]
[WhiteElo "2264"]
[BlackElo "2101"]
[Opening "Benkö gambit accepted"]
[ECO "A58"]
[Time "07:30:40"]
[TimeControl "2700+45"]

1. d4 Nf6 2. c4 c5 3. d5 b5 4. cxb5 a6 5. bxa6 Bxa6 6. Nc3 g6 7. e4 Bxf1 8. Kxf1
d6 9. h3 Bg7 10. Nf3 Nbd7 11. Kg1 O-O 12. Kh2 Qa5 13. Re1 Rfb8 14. Re2 Ne8 15.
Rc2 Nb6 16. Qe2 Qa6 17. Qxa6 Rxa6 18. Rb1 Nc4 19. b3 Na3 20. Bxa3 Rxa3 21. Ne2
Nc7 22. Nd2 Rba8 23. Nc1 Nb5 24. Nc4 R3a6 25. b4 {Game drawn by mutual
agreement} 1/2-1/2

[Event "Team 45 45 League T49"]
[Site "Internet Chess Club"]
[Date "2011.05.31"]
[Round "3"]
[White "mers37"]
[Black "Extremophile"]
[Result "0-1"]
[WhiteElo "1907"]
[BlackElo "2125"]
[Opening "Réti opening"]
[ECO "A30"]
[Time "07:01:20"]
[TimeControl "2700+45"]

1. Nf3 c5 2. c4 Nc6 3. g3 Nf6 4. Bg2 d5 5. cxd5 Nxd5 6. Nc3 Nc7 7. Qa4 Bd7 8.
O-O g6 9. d3 Bg7 10. Be3 Ne6 11. Qf4 {White resigns} 0-1

[Event "Team 45 45 League T49"]
[Site "Internet Chess Club"]
[Date "2011.05.26"]
[Round "3"]
[White "Uwak"]
[Black "DreadHead"]
[Result "1/2-1/2"]
[WhiteElo "2392"]
[BlackElo "2251"]
[Opening "Pirc: Austrian attack, 6.Bd3"]
[ECO "B06"]
[Time "10:00:26"]
[TimeControl "2700+45"]

1. e4 g6 2. d4 Bg7 3. Nc3 d6 4. f4 Nf6 5. Nf3 O-O 6. Bd3 Nc6 7. e5 dxe5 8. fxe5
Nd5 9. Nxd5 Qxd5 10. c3 Bg4 11. Qe2 Rad8 12. Be4 Qd7 13. O-O f6 14. exf6 exf6
15. Bf4 Rfe8 16. Rae1 Na5 17. b4 f5 18. Bd5+ Qxd5 19. Qxe8+ Rxe8 20. Rxe8+ Kf7
21. Rfe1 Bf6 22. Ng5+ Bxg5 23. Bxg5 Nc6 24. h3 Bxh3 25. gxh3 Kg7 26. b5 Qxb5 27.
Rc8 Qa5 {Game drawn by mutual agreement} 1/2-1/2

[Event "Team 45 45 League T49"]
[Site "Internet Chess Club"]
[Date "2011.05.29"]
[Round "3"]
[White "Tulihobu"]
[Black "searchforbobby1"]
[Result "0-1"]
[WhiteElo "2126"]
[BlackElo "2190"]
[Opening "Bogo-Indian defense"]
[ECO "E11"]
[Time "18:00:17"]
[TimeControl "2700+45"]

1. d4 e6 2. c4 Nf6 3. Nf3 Bb4+ 4. Bd2 a5 5. a3 Bxd2+ 6. Nbxd2 d6 7. e3 O-O 8.
Qc2 Qe7 9. Bd3 e5 10. O-O Bg4 11. Ng5 h6 12. Nge4 Nc6 13. d5 Nb8 14. Nxf6+ Qxf6
15. h3 Bc8 16. b4 axb4 17. Ne4 Qe7 18. axb4 Rxa1 19. Rxa1 f5 20. Ng3 e4 21. Bf1
Nd7 22. Ne2 Ne5 23. Ra8 b6 24. Nd4 Bd7 25. Rxf8+ Qxf8 26. Qc3 Kh7 27. Qa1 c5 28.
dxc6 Nxc6 29. Nxc6 Bxc6 30. Qd4 Qb8 31. Be2 Qc7 32. Bd1 Bd7 33. g4 Be6 34. Be2
Qc6 35. Kg2 Kg6 36. Kg3 fxg4 37. hxg4 Kf7 38. Kf4 d5 39. cxd5 Bxd5 40. Kg3 Qe6
41. Bb5 Kg6 42. Ba4 Kh7 43. Bc2 Kg8 44. Bd1 Kf7 45. Ba4 Kf8 46. Bc2 Kf7 47. Ba4
Kf8 48. Bb5 Kf7 49. f4 exf3 50. Bd3 Qd6+ 51. Qf4+ Qxf4+ 52. Kxf4 f2 53. Kg3 Kf6
54. Kxf2 Be6 55. Kg3 Ke5 56. Bc2 Bd5 57. Bd3 Be4 58. Bc4 Bc2 59. Bb5 Ke4 60. Kf2
Bd1 61. Bd7 Kd3 62. b5 Kc4 63. Kg3 g5 64. Kf2 Kc5 65. Ke1 Ba4 66. Kd2 Bxb5 67.
Bf5 Kd5 68. Kc3 Ke5 {White resigns} 0-1

[Event "Team 45 45 League T49"]
[Site "Internet Chess Club"]
[Date "2011.06.01"]
[Round "3"]
[White "gaibo4ever"]
[Black "jefferyx"]
[Result "1/2-1/2"]
[WhiteElo "2097"]
[BlackElo "2000"]
[Opening "Sicilian defense"]
[ECO "B33"]
[Time "16:31:16"]
[TimeControl "2700+45"]

1. e4 c5 2. Nf3 Nc6 3. d4 cxd4 4. Nxd4 Nf6 5. Nc3 e6 6. Ndb5 Bb4 7. a3 Bxc3+ 8.
Nxc3 O-O 9. Bd3 d5 10. exd5 Nxd5 11. Nxd5 Qxd5 12. O-O b6 13. Be2 Nd4 14. Bd3
Bb7 15. f3 Rad8 16. Be3 Nb3 17. Bxh7+ Kxh7 18. cxb3 Qd3 19. Re1 Qg6 20. Qe2 Rd3
21. b4 Ba6 22. Qf2 Rfd8 23. Rac1 Kg8 24. Rc7 Rd1 25. Rc1 R1d3 26. Qg3 Qxg3 27.
hxg3 R8d7 28. Bf4 Bb5 29. Rc3 Rd1 30. Kf2 f6 31. g4 e5 32. Be3 Rxe1 33. Kxe1 Kf7
34. b3 Rd3 35. Rxd3 Bxd3 36. Kd2 Bf1 37. g3 Bg2 38. f4 Ke6 39. a4 Bf3 40. g5
fxg5 41. fxe5 Kxe5 42. Bxg5 a6 43. b5 axb5 44. axb5 Bg4 45. Be3 Bd7 46. Kc3 Ke4
47. Bxb6 Bxb5 48. Kb4 Be8 49. Kc5 Ke5 50. Bc7+ Ke6 51. b4 Kd7 52. Kb6 Bh5 53. b5
Bf3 54. Be5 g5 55. Ka7 Kc8 56. b6 g4 57. Ka6 Bg2 {Game drawn by mutual
agreement} 1/2-1/2

[Event "Team 45 45 League T49"]
[Site "Internet Chess Club"]
[Date "2011.05.26"]
[Round "3"]
[White "DARKwizard1"]
[Black "screamingeagle"]
[Result "0-1"]
[WhiteElo "1908"]
[BlackElo "1971"]
[Opening "French: King's Indian attack"]
[ECO "C00"]
[Time "22:06:20"]
[TimeControl "2700+45"]

1. e4 e6 2. d3 d5 3. Nd2 Be7 4. g3 Nf6 5. e5 Nfd7 6. f4 f6 7. Bh3 Nf8 8. Ngf3
Ng6 9. Qe2 f5 10. O-O b6 11. Nb3 h5 12. Be3 c5 13. d4 Ba6 14. Qf2 Bxf1 15. Qxf1
c4 16. Nbd2 Nd7 17. c3 b5 18. b4 Nb6 19. a3 a5 20. Rb1 axb4 21. axb4 Kf7 22. Qc1
Ra2 23. Kh1 Qc7 24. Ng1 Nf8 25. Bg2 Nfd7 26. Bf3 g6 27. Bd1 Rha8 28. Ndf3 R8a3
29. Nh3 Qa7 30. Nfg5+ Bxg5 31. Nxg5+ Ke7 32. Nf3 Ra1 33. Nd2 R1a2 34. Nf3 Na4
35. Bd2 Nab6 36. Be3 Ra1 37. Nd2 Rxb1 38. Nxb1 Ra1 39. Bc2 Qa2 40. Kg2 Na4 41.
Kh3 Nxc3 {White resigns} 0-1

[Event "Team 45 45 League T49"]
[Site "Internet Chess Club"]
[Date "2011.05.28"]
[Round "3"]
[White "rdmuhcu"]
[Black "chiiwen"]
[Result "1-0"]
[WhiteElo "2215"]
[BlackElo "2146"]
[Opening "Levitsky attack (Queen's bishop attack)"]
[ECO "D00"]
[Time "17:01:00"]
[TimeControl "2700+45"]

1. d4 d5 2. Bg5 c6 3. c3 Bf5 4. Nd2 Nd7 5. e3 Qb6 6. Qb3 e6 7. Ngf3 h6 8. Bf4
Ngf6 9. Be2 Be7 10. O-O O-O 11. Ne5 Nxe5 12. Bxe5 Nd7 13. Bg3 Rfe8 14. Rfe1 Bf6
15. Nf3 e5 16. dxe5 Nxe5 17. Nxe5 Bxe5 18. Qxb6 axb6 19. Bxe5 Rxe5 20. a3 Rae8
21. Rad1 b5 22. Rd4 Kf8 23. Kf1 Bc2 24. Rd2 Bh7 25. Red1 g5 26. Rd4 Kg7 27. R1d2
f5 28. Bh5 R8e7 29. Be2 Bg6 30. g3 Kf6 31. a4 bxa4 32. Rxa4 Bf7 33. b4 f4 34.
exf4 gxf4 35. b5 fxg3 36. Rf4+ Kg7 37. hxg3 Bg6 38. Rfd4 Bf7 39. Rg4+ Kf8 40.
Rf4 Kg7 41. b6 c5 42. Bf3 Rd7 43. Kg2 Rd6 44. Rb2 Be8 45. c4 Bc6 46. cxd5 Bxd5
47. Bxd5 Rexd5 48. Rc4 Kf6 49. Rb5 Rc6 50. f4 h5 51. Kh3 Ke6 52. Kh4 Kd6 53. Rb3
Rc8 54. Rf3 Rf8 55. Re4 Rf6 56. Rfe3 Kc6 57. Re7 Rg6 58. Rb3 Rg4+ 59. Kh3 Rd7
60. Re8 Rdg7 61. Rc8+ Kd5 62. Rc3 h4 63. gxh4 Rxf4 64. R8xc5+ Kd6 65. Rc7 Rgg4
66. Rd3+ Ke5 67. Re7+ Kf6 68. Rh7 Rb4 69. h5 Rh4+ 70. Kg3 Rbg4+ 71. Kf3 Rb4 72.
Rd5 Rb3+ 73. Kg2 Rg4+ 74. Kf2 Rh4 75. Rh6+ Ke7 76. Rc5 Kf8 77. Rc8+ Kg7 78. Rg6+
Kh7 79. Rc7+ Kh8 80. Rf6 Kg8 81. h6 Rh2+ 82. Kg1 Rh5 83. Rg7+ {Black resigns}
1-0

[Event "Team 45 45 League T49"]
[Site "Internet Chess Club"]
[Date "2011.05.28"]
[Round "3"]
[White "HiddenDeath"]
[Black "vnchess"]
[Result "0-1"]
[WhiteElo "2119"]
[BlackElo "2154"]
[Opening "Pirc: Byrne variation"]
[ECO "B07"]
[Time "14:01:13"]
[TimeControl "2700+45"]

1. e4 d6 2. d4 Nf6 3. Nc3 g6 4. Bg5 Bg7 5. Qd2 h6 6. Bf4 c6 7. O-O-O Qa5 8. f3
Be6 9. Kb1 Na6 10. d5 Bd7 11. Bc4 b5 12. dxc6 bxc4 13. cxd7+ Nxd7 14. Nge2 Rb8
15. Be3 Ndc5 16. Bd4 Qb4 17. Nd5 Qxd2 18. Rxd2 Ne6 19. Bxg7 Nxg7 20. Rd4 Rc8 21.
Ne3 O-O 22. Rxc4 Nc5 23. Rd1 Rb8 24. Nd5 Rb7 25. Rb4 Rd7 26. Nef4 f5 27. Nxg6
Re8 28. exf5 Nxf5 29. g4 Ng7 30. f4 Kf7 31. f5 e6 32. fxe6+ Rxe6 33. Ngf4 Re5
34. a3 h5 35. h3 hxg4 36. hxg4 Ne4 37. Rbd4 Ne6 38. Rf1 {White resigns} 0-1

[Event "Team 45 45 League T49"]
[Site "Internet Chess Club"]
[Date "2011.05.31"]
[Round "3"]
[White "eurander"]
[Black "eSeM"]
[Result "1-0"]
[WhiteElo "2111"]
[BlackElo "1913"]
[Opening "Sicilian: Alapin's variation (2.c3)"]
[ECO "B22"]
[Time "18:06:00"]
[TimeControl "2700+45"]

1. e4 c5 2. c3 Nc6 3. Nf3 e5 4. d4 cxd4 5. cxd4 exd4 6. Nxd4 Nxd4 7. Qxd4 Qc7 8.
Nc3 Nf6 9. Be2 Bc5 10. Nb5 Qa5+ 11. Bd2 Bxd4 12. Bxa5 Bxb2 13. Nc7+ Ke7 14. Rb1
Bd4 15. Nxa8 Nxe4 16. O-O b6 17. Bb4+ d6 18. Nc7 a5 19. Bf3 Nxf2 20. Bxd6+ Kd7
21. Nb5 Ba6 22. Nxd4 Bxf1 23. Kxf1 {Black resigns} 1-0

[Event "Team 45 45 League T49"]
[Site "Internet Chess Club"]
[Date "2011.05.30"]
[Round "3"]
[White "Atlantis"]
[Black "SlimeDog2"]
[Result "0-1"]
[WhiteElo "1888"]
[BlackElo "2042"]
[Opening "Grünfeld: exchange, Spassky variation"]
[ECO "D87"]
[Time "20:27:17"]
[TimeControl "2700+45"]

1. d4 Nf6 2. c4 g6 3. Nc3 d5 4. cxd5 Nxd5 5. e4 Nxc3 6. bxc3 Bg7 7. Bc4 c5 8.
Ne2 O-O 9. O-O Nc6 10. Be3 Na5 11. Bd3 b6 12. dxc5 bxc5 13. Bxc5 Qc7 14. Bd4 e5
15. Be3 Be6 16. f4 Rfd8 17. Qc2 Nc4 18. Bxc4 Bxc4 19. Rfd1 Bxe2 20. Qxe2 exf4
21. Bd4 Be5 22. Bxe5 Qxe5 23. Rd3 Rac8 24. Rxd8+ Rxd8 25. Qc2 Re8 26. Re1 f5 27.
Qb3+ Kg7 28. Rd1 Qxe4 29. Rd7+ Kh6 30. Qd1 Qe3+ 31. Kf1 Qxc3 32. Rxh7+ Kxh7 33.
Qd7+ Kh6 34. Qxe8 Qa1+ 35. Qe1 Qxe1+ 36. Kxe1 Kh5 37. Kf2 Kg4 38. a4 a5 39. Ke2
f3+ 40. gxf3+ Kh3 41. Ke3 Kxh2 42. Kf2 f4 43. Kf1 Kg3 44. Ke2 Kg2 45. Ke1 Kxf3
46. Kf1 Ke4 47. Kf2 Kd5 48. Kf3 Kc4 49. Kxf4 Kb3 50. Kg5 Kxa4 51. Kxg6 Kb3 52.
Kf5 a4 53. Ke4 a3 {White resigns} 0-1

[Event "Team 45 45 League T49"]
[Site "Internet Chess Club"]
[Date "2011.05.31"]
[Round "3"]
[White "KingDestroyer"]
[Black "AugustoCaruso"]
[Result "1-0"]
[WhiteElo "2310"]
[BlackElo "2181"]
[Opening "Dutch: Ilyin-Genevsky, Winter variation"]
[ECO "A97"]
[Time "12:01:14"]
[TimeControl "2700+45"]

1. Nf3 e6 2. c4 f5 3. g3 Nf6 4. Bg2 Be7 5. O-O O-O 6. Nc3 d6 7. d4 Qe8 8. Re1
Ne4 9. Qc2 Qg6 10. Nd2 Nxc3 11. Qxc3 Nc6 12. Nb3 Bf6 13. Bd2 e5 14. e3 f4 15.
exf4 exd4 16. Qf3 Qc2 17. Qd5+ Kh8 18. Be4 Ne7 19. Qh5 g6 20. Qh6 Bf5 21. Bxc2
Bxc2 22. Nxd4 Ng8 23. Qxf8 Rxf8 24. Nxc2 {Black resigns} 1-0

[Event "Team 45 45 League T49"]
[Site "Internet Chess Club"]
[Date "2011.05.25"]
[Round "3"]
[White "cacheboy"]
[Black "TheChessKid"]
[Result "1-0"]
[WhiteElo "2438"]
[BlackElo "2165"]
[Opening "Petrov: Nimzovich attack"]
[ECO "C42"]
[Time "20:04:59"]
[TimeControl "2700+45"]

1. e4 e5 2. Nf3 Nf6 3. Nxe5 d6 4. Nf3 Nxe4 5. Nc3 Nxc3 6. dxc3 Be7 7. Bc4 O-O 8.
O-O Nc6 9. Re1 Bg4 10. h3 Bxf3 11. Qxf3 Ne5 12. Qe4 Nxc4 13. Qxc4 c6 14. Bf4 Re8
15. Qb3 Qb6 16. c4 Bf6 17. Bxd6 Bxb2 18. Rxe8+ Rxe8 19. Qxb6 axb6 20. Rb1 Bd4
21. c3 Bxc3 22. Rxb6 Re1+ 23. Kh2 Be5+ 24. Bxe5 Rxe5 25. Rxb7 h5 26. Rb8+ Kh7
27. a4 Rc5 28. Rb1 Rxc4 29. Ra1 Rb4 30. a5 Rb7 31. Kg3 g5 32. a6 Ra7 33. Kf3 g4+
34. hxg4 hxg4+ 35. Ke3 Kg6 36. Kd4 Kf5 37. Kc5 g3 38. fxg3 Kg4 39. Kb6 Ra8 40.
Ra3 {Black resigns} 1-0

[Event "Team 45 45 League T49"]
[Site "Internet Chess Club"]
[Date "2011.05.29"]
[Round "3"]
[White "brgdgaf"]
[Black "QueensCounselor"]
[Result "1-0"]
[WhiteElo "2205"]
[BlackElo "2153"]
[Opening "King's Indian: fianchetto, classical variation"]
[ECO "E67"]
[Time "15:00:48"]
[TimeControl "2700+45"]

1. d4 Nf6 2. Nf3 g6 3. g3 Bg7 4. Bg2 d6 5. O-O O-O 6. c4 Nbd7 7. Nc3 e5 8. dxe5
Nxe5 9. Nxe5 dxe5 10. Qb3 c6 11. Be3 Qc7 12. Rfd1 Be6 13. Rac1 Qe7 14. Bg5 h6
15. Bxf6 Bxf6 16. Ne4 Bg7 17. Nd6 Rab8 18. Qa3 a6 19. c5 f5 20. e3 e4 21. Bf1
Rfd8 22. Bc4 Kh7 23. Bxe6 Qxe6 24. b3 Be5 25. Nc4 Rd5 26. Rxd5 Qxd5 27. Nxe5
Qxe5 28. Rd1 Re8 29. Qc1 Re7 30. Qc4 Kg7 31. b4 g5 32. Rd8 Re8 33. Rd6 Re7 34.
Qf1 Re6 35. Qd1 Kg6 36. h4 gxh4 37. gxh4 Qf6 38. h5+ Kf7 39. Rd8 Re8 40. Qb3+
Kf8 41. Rxe8+ Kxe8 42. Qg8+ Ke7 43. Qh7+ Ke6 44. Qxb7 Qg5+ 45. Kf1 Qxh5 46.
Qxc6+ Kf7 47. Qd7+ Kf8 48. c6 Qh1+ 49. Ke2 Qh5+ 50. Ke1 Qh1+ 51. Kd2 {Black
resigns} 1-0

[Event "Team 45 45 League T49"]
[Site "Internet Chess Club"]
[Date "2011.05.30"]
[Round "3"]
[White "alexping"]
[Black "bwang88"]
[Result "1-0"]
[WhiteElo "1921"]
[BlackElo "1958"]
[Opening "QGD: semi-Slav, Noteboom variation"]
[ECO "D31"]
[Time "13:36:19"]
[TimeControl "2700+45"]

1. d4 d5 2. c4 e6 3. Nc3 c6 4. Nf3 dxc4 5. e4 b5 6. g3 Bb7 7. Bg2 Nf6 8. Bg5
Nbd7 9. e5 h6 10. Bh4 g5 11. Nxg5 hxg5 12. Bxg5 Qc7 13. exf6 c5 14. d5 Qe5+ 15.
Qe2 O-O-O 16. dxe6 Qxe2+ 17. Kxe2 Bxg2 18. exd7+ Rxd7 19. Rhd1 b4 20. Rxd7 Kxd7
21. Rd1+ Kc6 22. Nb1 Rxh2 23. Bh4 Bd6 24. Nd2 Bd5 25. Nf3 Bxf3+ 26. Kxf3 Be5 27.
b3 c3 28. Bg5 Bd4 29. Be3 Bxf6 30. Ke4 Rh5 31. Bf4 Bd4 32. g4 Rh8 33. f3 Re8+
34. Kd3 a5 35. Rh1 Kb5 36. Bc1 Rh8 37. Rxh8 Bxh8 38. f4 a4 39. bxa4+ Kxa4 40.
Kc4 Bd4 41. g5 Ka5 42. f5 Kb6 43. g6 fxg6 44. fxg6 Bg7 45. Be3 Bd4 46. Bxd4 cxd4
47. Kd3 {Black resigns} 1-0

[Event "Team 45 45 League T49"]
[Site "Internet Chess Club"]
[Date "2011.05.28"]
[Round "3"]
[White "LazyPeon"]
[Black "Portola"]
[Result "1/2-1/2"]
[WhiteElo "1701"]
[BlackElo "1829"]
[Opening "QGD: Orthodox defense, Rubinstein variation"]
[ECO "D61"]
[Time "11:30:14"]
[TimeControl "2700+45"]

1. d4 d5 2. c4 e6 3. Nc3 Nf6 4. Bg5 Be7 5. e3 Nbd7 6. Nf3 O-O 7. Qc2 c5 8. Bd3
dxc4 9. Bxc4 b6 10. O-O Bb7 11. Qe2 Nd5 12. Bxe7 Qxe7 13. Nxd5 Bxd5 14. Bxd5
exd5 15. dxc5 bxc5 16. Qd2 Nf6 17. Rac1 a5 18. Rfd1 Rfd8 19. Qc2 Ne4 20. Nd2
Nxd2 21. Rxd2 Rac8 22. Qa4 Qa7 23. Rcd1 d4 24. exd4 cxd4 25. h3 g6 26. Rxd4 Re8
27. b4 Kg7 28. Rd7 Qb6 29. Qxa5 Qf6 30. Qa7 Rf8 31. Qd4 Ra8 32. Qxf6+ Kxf6 33.
R1d2 Ra3 34. R7d3 Ra4 35. a3 Rfa8 36. Rf3+ Kg7 37. Rdd3 R8a7 38. b5 Rb7 39. Rb3
Ra5 40. Rb4 Rbxb5 41. Rfb3 Rd5 42. Rf4 Rd1+ 43. Kh2 Ra7 44. a4 Ra1 45. Rbb4 Ra2
46. h4 h5 47. g3 Ra3 48. Kg2 Kg8 49. g4 hxg4 50. Rxg4 Kg7 51. h5 Ra2 52. hxg6
fxg6 53. Kg3 Rf7 54. f3 Re7 55. Rb6 Ree2 56. Rbxg6+ Kh7 57. Ra6 Re7 58. Rg5 Rf7
59. Rg4 Ra3 60. Rf4 Rg7+ 61. Kf2 Re7 62. a5 Ra2+ 63. Kg3 Rg7+ 64. Rg4 Rf7 65.
Ra8 Ra3 66. Rf4 Rg7+ 67. Kf2 Ra2+ 68. Ke3 Re7+ 69. Re4 Ra3+ 70. Kf4 Rf7+ 71. Kg5
Raxf3 72. Rh4+ Kg7 73. Rg4 Ra3 74. a6 Re7 75. Kf5+ Kf7 76. Rb4 Ra5+ 77. Kf4 Re6
78. Rb7+ Kg6 79. Rg8+ Kh6 80. a7 Rf6+ 81. Ke4 Rfa6 82. Rgg7 Ra4+ 83. Kd5 R4a5+
84. Ke4 Ra4+ 85. Kd5 {Game drawn by mutual agreement} 1/2-1/2

[Event "Team 45 45 League T49"]
[Site "Internet Chess Club"]
[Date "2011.05.31"]
[Round "3"]
[White "rubo"]
[Black "ticopatzer"]
[Result "0-1"]
[WhiteElo "1738"]
[BlackElo "1660"]
[Opening "Bird's opening"]
[ECO "A03"]
[Time "19:00:22"]
[TimeControl "2700+45"]

1. f4 d5 2. Nf3 c5 3. e3 Nc6 4. Bb5 Bd7 5. b3 a6 6. Bxc6 Bxc6 7. O-O e6 8. Bb2
Nf6 9. Ne5 Bb5 10. d3 a5 11. Rf3 d4 12. a4 Ba6 13. exd4 cxd4 14. Rg3 g6 15. Nd2
Bh6 16. Qf3 Rc8 17. Ndc4 O-O 18. Re1 Nd5 19. Bc1 Nb4 20. Re2 Bxc4 21. dxc4 Nc6
22. Bd2 Qd6 23. Rh3 Bg7 24. Nxc6 Rxc6 25. Bxa5 d3 26. cxd3 Qc5+ 27. Kf1 Qxa5 28.
Qe4 Qc3 29. d4 Qxd4 30. Qxd4 Bxd4 31. Rd3 Rd8 32. Red2 Rcd6 33. b4 Kg7 34. Ke2
Kf6 35. c5 Rd5 36. g4 Bc3 37. Rxd5 Rxd5 38. Rxd5 exd5 39. b5 Bd4 40. c6 bxc6 41.
bxc6 Bb6 42. Kd3 Ke7 43. h4 Kd6 44. h5 Kxc6 45. hxg6 fxg6 46. f5 gxf5 47. gxf5
Kd6 48. f6 Ke6 49. a5 Bc5 50. a6 Kxf6 51. Ke2 Ke5 52. Kf3 d4 53. Ke2 Ke4 54. Kd2
h5 55. Ke2 h4 56. Kf1 Ke3 57. Kg2 d3 58. Kg1 d2 59. a7 d1=Q+ 60. Kh2 Bxa7 {White
resigns} 0-1

[Event "Team 45 45 League T49"]
[Site "Internet Chess Club"]
[Date "2011.05.26"]
[Round "3"]
[White "beitmery"]
[Black "g8wrb"]
[Result "1-0"]
[WhiteElo "1634"]
[BlackElo "1374"]
[Opening "Nimzo-Indian: Sämisch, main line"]
[ECO "E26"]
[Time "16:00:28"]
[TimeControl "2700+45"]

1. d4 Nf6 2. c4 e6 3. Nc3 Bb4 4. a3 Bxc3+ 5. bxc3 c5 6. e3 Nc6 7. Bd3 O-O 8. Ne2
b6 9. e4 d6 10. Bg5 h6 11. Bh4 Re8 12. f4 Ba6 13. e5 dxe5 14. fxe5 g5 15. exf6
gxh4 16. O-O Kh8 17. Qd2 {Black resigns} 1-0

[Event "Team 45 45 League T49"]
[Site "Internet Chess Club"]
[Date "2011.05.27"]
[Round "3"]
[White "AtomicDog"]
[Black "Rapidcitychess"]
[Result "0-1"]
[WhiteElo "1401"]
[BlackElo "1540"]
[Opening "Sicilian: Najdorf"]
[ECO "B90"]
[Time "13:00:29"]
[TimeControl "2700+45"]

1. e4 c5 2. Nf3 d6 3. d4 cxd4 4. Nxd4 Nf6 5. Nc3 a6 6. f3 e5 7. Nb3 Be6 8. Be3
b5 9. Qd2 Nc6 10. Nd5 Bxd5 11. exd5 Ne7 12. c4 bxc4 13. Bxc4 Nf5 14. Bf2 g6 15.
O-O Bg7 16. Na5 Ne7 17. Rfd1 O-O 18. Nc6 Qd7 19. Qd3 Nxc6 20. dxc6 Qxc6 21. Rac1
d5 22. Bb3 Qb5 23. Qe3 d4 24. Qd3 Rac8 25. Bc4 Qxb2 26. Bxf7+ Kxf7 27. Rxc8 Rxc8
28. Qxa6 Qc2 29. Qa7+ Kg8 30. Rf1 Kh8 31. Qa5 d3 32. Qxe5 Qe2 33. Qa1 d2 34. Rd1
Qxd1+ 35. Qxd1 Rc1 {White resigns} 0-1

[Event "Team 45 45 League T49"]
[Site "Internet Chess Club"]
[Date "2011.05.28"]
[Round "3"]
[White "rayngrant"]
[Black "Packerfan"]
[Result "0-1"]
[WhiteElo "1605"]
[BlackElo "1808"]
[Opening "two knights defense: Bogolyubov variation"]
[ECO "C58"]
[Time "10:00:59"]
[TimeControl "2700+45"]

1. e4 e5 2. Nf3 Nc6 3. Bc4 Nf6 4. Ng5 d5 5. exd5 Na5 6. Bb5+ c6 7. dxc6 bxc6 8.
Qf3 Qd5 9. Qxd5 Nxd5 10. Ba4 Nb6 11. Bb3 Nxb3 12. axb3 f6 13. Ne4 f5 14. Nec3
Bb4 15. O-O O-O 16. d3 Be6 17. f4 e4 18. dxe4 fxe4 19. Nxe4 Bf5 20. Bd2 Rfe8 21.
Bxb4 Bxe4 22. c3 Bd3 23. Rc1 Re2 24. Na3 Nd5 25. Bd6 Ne3 26. g3 Rg2+ 27. Kh1 Be4
28. h4 Rxb2+ 29. Kg1 Rg2+ 30. Kh1 Rxg3+ 31. Kh2 Rg2+ 32. Kh1 Rd2+ 33. Kg1 Rxd6
34. Re1 Nc2 35. Nc4 Rg6+ {White resigns} 0-1

[Event "Team 45 45 League T49"]
[Site "Internet Chess Club"]
[Date "2011.05.28"]
[Round "3"]
[White "otherook"]
[Black "Constrictor"]
[Result "1/2-1/2"]
[WhiteElo "1770"]
[BlackElo "1605"]
[Opening "English: Anglo-Dutch defense"]
[ECO "A10"]
[Time "14:01:00"]
[TimeControl "2700+45"]

1. c4 f5 2. g3 Nf6 3. Bg2 e5 4. Nc3 Bb4 5. Nd5 Nxd5 6. cxd5 O-O 7. e3 d6 8. Ne2
Nd7 9. O-O Nf6 10. d3 Qe8 11. Qc2 Ba5 12. b4 Bb6 13. a4 a5 14. b5 Qh5 15. d4 g5
16. dxe5 Ng4 17. h3 Nxe5 18. Nd4 f4 19. Ne6 Bxe6 20. dxe6 fxg3 21. fxg3 Rxf1+
22. Kxf1 Rf8+ 23. Kg1 Nf3+ 24. Bxf3 Qxf3 25. Qg2 Bxe3+ 26. Bxe3 Qxe3+ 27. Kh1
Qxe6 28. Rc1 Re8 29. Rxc7 Qe1+ 30. Qg1 Qe4+ 31. Qg2 Qe1+ 32. Qg1 Qb4 33. Qg2
Qe1+ {Game drawn by repetition} 1/2-1/2

[Event "Team 45 45 League T49"]
[Site "Internet Chess Club"]
[Date "2011.05.28"]
[Round "3"]
[White "LTWilly"]
[Black "mongmong"]
[Result "0-1"]
[WhiteElo "1459"]
[BlackElo "1613"]
[Opening "French: Winawer (Nimzovich) variation"]
[ECO "C15"]
[Time "21:01:53"]
[TimeControl "2700+45"]

1. e4 e6 2. d4 d5 3. Nc3 Bb4 4. a3 Bxc3+ 5. bxc3 Ne7 6. Bd3 c5 7. exd5 Qxd5 8.
Nf3 Nbc6 9. Be3 c4 10. Be2 b6 11. O-O O-O 12. Ng5 h6 13. Bf3 Qd7 14. Nh3 Bb7 15.
Nf4 Na5 16. Bxb7 Qxb7 17. Qg4 Qe4 18. Rac1 Kh7 19. Qh3 Qf5 20. g4 Qe4 21. Nh5
Nd5 22. Rfe1 Qg6 23. Nf4 Nxf4 24. Bxf4 Rfd8 25. Re5 Rd5 26. Rce1 Rad8 27. Rxd5
Rxd5 28. Re5 Rxe5 29. Bxe5 Qxc2 30. d5 Qd1+ {White resigns} 0-1

[Event "Team 45 45 League T49"]
[Site "Internet Chess Club"]
[Date "2011.05.30"]
[Round "3"]
[White "seattleblues"]
[Black "FractalDante"]
[Result "1-0"]
[WhiteElo "1495"]
[BlackElo "1500"]
[Opening "Sicilian: Alapin's variation (2.c3)"]
[ECO "B22"]
[Time "20:03:05"]
[TimeControl "2700+45"]

1. e4 c5 2. c3 d5 3. exd5 Qxd5 4. d4 Nf6 5. Nf3 Bg4 6. Nbd2 e6 7. Bc4 Qc6 8. Qb3
a6 9. O-O Bd6 10. Ne5 Bxe5 11. dxe5 Nfd7 12. Re1 b5 13. Bf1 O-O 14. f3 Bf5 15.
c4 b4 16. Qe3 Qc7 17. b3 Nc6 18. Bb2 Rad8 19. Rad1 Bc2 20. Rc1 Bf5 21. f4 Qa7
22. Nf3 a5 23. Qf2 Ndb8 24. Qh4 Bd3 25. Bxd3 Rxd3 26. Ng5 h6 27. Ne4 Ne7 28. f5
Nxf5 29. Qg4 Kh8 30. Rf1 Qd7 31. Nxc5 Qd8 32. Nxd3 Qxd3 33. Qd1 Rd8 34. Qxd3
Rxd3 35. Rfd1 Rxd1+ 36. Rxd1 Nc6 37. Rd7 Nfe7 38. Bd4 Kg8 39. Bc5 Kf8 40. Bxe7+
{Black resigns} 1-0

[Event "Team 45 45 League T49"]
[Site "Internet Chess Club"]
[Date "2011.05.29"]
[Round "3"]
[White "rook9999"]
[Black "zepled37"]
[Result "0-1"]
[WhiteElo "1665"]
[BlackElo "1648"]
[Opening "Sicilian: Scheveningen variation"]
[ECO "B80"]
[Time "12:37:52"]
[TimeControl "2700+45"]

1. e4 c5 2. Nf3 e6 3. d4 cxd4 4. Nxd4 Nf6 5. Nc3 d6 6. Be3 a6 7. f3 b5 8. Qd2
Bb7 9. g4 h6 10. h4 Nbd7 11. Qf2 d5 12. exd5 Nxd5 13. Nxd5 Bxd5 14. Bd3 Ne5 15.
Rf1 Nxd3+ 16. cxd3 Be7 17. Rh1 Rc8 18. Rh3 Qd6 19. f4 Qb4+ 20. Bd2 Qxb2 21. Rd1
Bc5 22. Be3 Qxf2+ 23. Bxf2 Ke7 24. f5 Rhd8 25. fxe6 Bxe6 26. Nxe6 Bxf2+ 27. Kxf2
Rc2+ 28. Ke1 Kxe6 29. a3 Rdc8 30. Re3+ Kd7 31. Rf3 Re8+ 32. Kf1 Re7 33. Re1
Rxe1+ 34. Kxe1 f6 35. Kd1 Rc6 36. Kd2 Rb6 37. Ke3 b4 38. axb4 Rxb4 39. d4 Rb3+
40. Ke4 Rxf3 41. Kxf3 Kd6 42. Ke4 a5 43. Kd3 Kd5 44. h5 a4 45. Kc3 a3 {White
resigns} 0-1